Map: Kairos Junction LE

Players

Bundaberg - Winner!

  • Race: Zerg Zerg
  • League: Master
  • Spawn Location: 5:00

KraKen

  • Race: Zerg Zerg
  • League: Master
  • Spawn Location: 11:00

VOD

Have the link to the VOD?

Description

Time

  • Played on: Feb. 9, 2019, 7:13 a.m.
  • Length: 3:02
Show
View Real Time Build Order
Export as new Build Order

Bundaberg Zerg - Winner!

Build Orders: Pool First 

Get SALT Encoding   

  12  0:18  Spawning Pool  
  11  0:21  Drone  
  11  0:26  Drone  
  13  0:31  Drone  
  14  0:40  Overlord  
  14  1:05  Zergling x2  
  14  1:06  Zergling x4  
  17  1:16  Zergling x2  
  18  1:20  Hatchery  
  17  1:27  Zergling x2  
  18  1:39  Queen  
  20  1:40  Zergling x2  
  21  1:50  Overlord  
  21  1:59  Drone  
  22  2:12  Drone  
  22  2:14  Queen  
  25  2:31  Drone  
  25  2:32  Drone  
  28  2:44  Drone x2  
  32  2:57  Spine Crawler  
Show
View Real Time Build Order
Export as new Build Order

KraKen Zerg 

Build Orders: Hatch First 

Get SALT Encoding   

  12  0:01  Drone  
  13  0:12  Overlord  
  13  0:17  Drone  
  14  0:31  Drone  
  14  0:32  Drone  
  16  0:36  Drone  
  17  0:52  Hatchery  
  17  0:54  Drone  
  17  0:58  Drone  
  18  1:08  Extractor  
  17  1:13  Spawning Pool  
  17  1:15  Drone  
  17  1:19  Drone  
  18  1:30  Drone  
  19  2:05  Spine Crawler, Zergling x2  
  19  2:06  Spine Crawler, Zergling x6  
  20  2:19  Zergling x4  
  22  2:50  Hatchery  
Tags
 
Add a new tag
Caveats
  • Supply blocks, unpowered buildings, or Contaminate may cause inaccurate times.
  • Supply counts are checked every 10 seconds.